 Dungeon Crawl Stone Soup version 0.30-a0-777-ga9a30cbeda (webtiles) character file.

Game seed: 12479479551160210411

374 sanka the Cleaver (level 6, -16/52 HPs)
             Began as a Hill Orc Fighter on Feb 14, 2023.
             Demolished by an ogre
             ... wielding a +0 giant club
              (17 damage)
             ... on level 4 of the Dungeon.
             The game lasted 00:03:09 (2753 turns).

sanka the Cleaver (Hill Orc Fighter)                Turns: 2753, Time: 00:03:09

Health: -16/52     AC:  6    Str: 19    XL:     6   Next: 72%
Magic:  6/6        EV:  9    Int:  8    God:
Gold:   228        SH:  4    Dex: 12    Spells: 5/5 levels left

rFire   . . .      SeeInvis .    a - +0 war axe
rCold   . . .      Faith    .    c - +0 buckler
rNeg    . . .      Spirit   .    b - +0 scale mail
rPois   .          Reflect  .    (no helmet)
rElec   .          Harm     .    (no cloak)
rCorr   .          Rampage  .    (no gloves)
Will    .....                    (no boots) Stlth
                                 (no amulet)
HPRegen 0.28/turn                (no ring)
MPRegen 0.10/turn                (no ring)

@: no status effects
A: no striking features
a: no special abilities


You were on level 4 of the Dungeon.
You visited 1 branch of the dungeon, and saw 4 of its levels.

You collected 228 gold pieces.


   Skills:
 - Level 4.0 Fighting
 + Level 9.0 Axes
 - Level 3.2 Armour
 - Level 3.2 Shields


You had 5 spell levels left.
You didn't know any spells.
Your spell library contained the following spells:

 Spells                   Type           Power      Damage    Failure   Level
 Poisonous Vapours        Pois/Air       0%         N/A       95%         2
 Hailstorm                Conj/Ice       0%         3d3       99%         3
 Ice Form                 Ice/Tmut       0%         N/A       100%        4
 Arcjolt                  Conj/Air       0%         1d10      100%        5
 Lightning Bolt           Conj/Air       0%         1d11      100%        5
 Simulacrum               Ice/Necr       0%         N/A       100%        6
 Storm Form               Tmut/Air       0%         N/A       100%        7

Inventory:

Hand Weapons
 a - a +0 war axe (weapon)
Armour
 b - a +0 scale mail (worn)
 c - a +0 buckler (worn)
Magical Staves
 o - a staff of cold
Scrolls
 d - 4 scrolls of identify {unknown}
 e - 2 scrolls of fear {unknown}
 f - 2 scrolls of vulnerability {unknown}
 g - a scroll of enchant weapon {unknown}
 k - a scroll of fog {unknown}
 m - 2 scrolls of teleportation {unknown}
 n - a scroll of immolation {unknown}
 p - 2 scrolls of amnesia {unknown}
 r - a scroll of silence {unknown}
Potions
 h - a potion of invisibility {unknown}
 i - a potion of mutation {unknown}
 j - 3 potions of curing {unknown}
 l - a potion of brilliance {unknown}
 q - a potion of ambrosia {unknown}

Dungeon Overview and Level Annotations

Branches:
Dungeon (4/15)
 Temple: D:4-7

Altars:
Dithmenos
Elyvilon
Zin

..▒..▒ ▒▒▒▒▒
▒▒▒▒▒..▒ ▒▒▒
.......▒▒▒.▒▒
▒▒▒▒.....▒...▒▒
▒.......†.....▒▒▒▒▒▒
▒▒.....▒.........▒
▒▒.>.▒▒▒.▒▒▒▒▒▒.▒
▒▒.▒▒ ▒▒▒ ▒.▒ ▒o▒
▒▒▒▒▒▒▒.▒▒▒▒ ▒O▒
............ ...
▒▒▒▒▒▒▒..... ....▒
▒▒▒▒▒. ▒▒.... ▒.
...▒▒▒ ▒▒ ▒▒▒▒


You could see an ogre.


Message History

You barely miss the giant cockroach.
The giant cockroach bites you but does no damage.
The giant cockroach barely misses you.
You hit the giant cockroach.
The giant cockroach is heavily wounded.
The giant cockroach bites you but does no damage.
You hit the giant cockroach.
You kill the giant cockroach!
The ogre barely misses you.
You hit the ogre.
The ogre is lightly wounded.
You hit the ogre.
The ogre is moderately wounded.
The ogre closely misses you.
You barely miss the ogre.
The ogre is moderately wounded.
The ogre hits you with a +0 giant club!!
Ouch! That really hurt!
* * * LOW HITPOINT WARNING * * *
You slash the ogre!
The ogre is heavily wounded.
You hit the ogre.
The ogre is heavily wounded.
The ogre hits you with a +0 giant club!!
* * * LOW HITPOINT WARNING * * *
Unknown command.
You hit the ogre.
The ogre is severely wounded.
The ogre hits you with a +0 giant club!
You die...

Action                     |  1- 3 |  4- 6 || total
---------------------------+-------+-------++-------
  Melee: War axe           |    75 |   148 ||   223
    Use: Potion            |     2 |       ||     2
 Armour: Scale mail        |    38 |    62 ||   100
  Dodge: Dodged            |    57 |    57 ||   114
  Block: Buckler           |    17 |    22 ||    39

Levels and vault maps discovered:
D:1:      dpeg_arrival_brainrot, layout_rooms,
          dreamdust_ecumenical_altar_hidden_monk_grotto
D:2:      layout_rooms, minmay_tetromino_s4, uniq_sigmund
D:3:      layout_basic
D:4:      layout_loops_ring, gammafunk_temple_overflow_claw, minitemple

Notes
Turn   | Place    | Note
-------+----------+-------------------------------------------
     0 | D:1      | sanka the Hill Orc Fighter began the quest for the Orb.
     0 | D:1      | Reached XP level 1. HP: 19/19 MP: 1/1
    63 | D:1      | Reached skill level 3 in Axes
    91 | D:1      | Reached XP level 2. HP: 27/27 MP: 2/2
    97 | D:1      | Reached skill level 4 in Fighting
   170 | D:1      | Reached skill level 4 in Axes
   440 | D:1      | Reached XP level 3. HP: 27/33 MP: 3/3
   605 | D:1      | Found a faded altar of an unknown god.
   691 | D:2      | Noticed Sigmund
   757 | D:2      | Reached skill level 5 in Axes
   766 | D:2      | Killed Sigmund
   767 | D:2      | Reached skill level 7 in Axes
   767 | D:2      | Reached XP level 4. HP: 13/40 MP: 4/4
   767 | D:2      | Reached XP level 5. HP: 15/46 MP: 5/5
  1019 | D:2      | Reached XP level 6. HP: 52/52 MP: 6/6
  1052 | D:2      | Reached skill level 8 in Axes
  2343 | D:4      | Got the Discursus on Astrapomancy
  2422 | D:4      | Found a white marble altar of Elyvilon.
  2422 | D:4      | Found a glowing silver altar of Zin.
  2422 | D:4      | Found a shadowy altar of Dithmenos.
  2740 | D:4      | Reached skill level 9 in Axes
  2752 | D:4      | HP: 1/52 [ogre/+0 giant club (25)]
  2753 | D:4      | Demolished by an ogre

Vanquished Creatures
  Sigmund (D:2)
  A hound (D:3)
  An iguana (D:4)
  4 gnolls (D:3)
  3 adders
  2 worms (D:2)
  3 dart slugs
  An orc (D:4)
  5 ball pythons
  4 endoplasms
  3 giant cockroaches
  8 goblins
  3 hobgoblins
  8 jackals
  6 kobolds
  5 quokkas
  10 bats
  4 frilled lizards
  3 rats
75 creatures vanquished.

Vanquished Creatures (others)
  A fungus (D:1)
  2 plants (D:1)
3 creatures vanquished.

Grand Total: 78 creatures vanquished
